 Dungeon Crawl Stone Soup version 0.25-a0-317-g5f8687bca5 (webtiles) character file.

Game seed: 11075882759482418761, levelgen mode: classic

95 Borgoz the Covered (level 4, -6/29 HPs)
             Began as a Gargoyle Fighter on Dec 25, 2019.
             Mangled by a worm (12 damage)
             ... on level 2 of the Dungeon.
             The game lasted 00:02:34 (1543 turns).

Borgoz the Covered (Gargoyle Fighter)               Turns: 1543, Time: 00:02:35

Health: -6/29      AC: 13    Str: 19    XL:     4   Next: 66%
Magic:  4/4        EV:  7    Int:  9    God:
Gold:   169        SH:  9    Dex: 10    Spells: 3/3 levels left

rFire    . . .     SeeInvis .   a - +0 long sword
rCold    + . .     Gourm    +   c - +0 shield
rNeg     + . .     Faith    .   b - +0 scale mail
rPois    ∞         Spirit   .   (no helmet)
rElec    +         Reflect  .   j - +0 cloak
rCorr    .         Harm     .   o - +0 pair of gloves
MR       .....                  (no boots)
Stlth    ..........             q - amulet of the gourmand
HPRegen  0.09/turn              l - ring of protection from cold
MPRegen  0.09/turn              (no ring)

@: no status effects
A: negative energy resistance 1, electricity resistance, unbreathing,
petrification resistance, rot immunity, AC +3
a: no special abilities


You were on level 2 of the Dungeon.
You were not hungry.

You visited 1 branch of the dungeon, and saw 2 of its levels.

You collected 169 gold pieces.

Inventory:

Hand Weapons
 a - a +0 long sword (weapon)
Armour
 b - a +0 scale mail (worn)
 c - a +0 shield (worn)
 j - a +0 cloak (worn)
 o - a +0 pair of gloves (worn)
Jewellery
 l - a ring of protection from cold (left hand)
 m - an uncursed ring of flight
 q - an amulet of the gourmand (around neck)
Scrolls
 e - 2 scrolls of enchant armour {unknown}
 g - 3 scrolls of magic mapping
 k - 3 scrolls of identify {unknown}
Potions
 d - a potion of might
 h - a potion of haste {unknown}
 i - 2 potions of heal wounds {unknown}
 n - a potion of curing {unknown}
 p - a potion of degeneration {unknown}
 r - a potion of lignification {unknown}
Comestibles
 f - 6 rations


   Skills:
 + Level 3.9 Fighting
 * Level 3.0 Long Blades
 + Level 3.9 Armour
 + Level 1.2 Dodging
 - Level 3.2 Shields


You had 3 spell levels left.
You didn't know any spells.
Your spell library was empty.

Dungeon Overview and Level Annotations

Branches:
Dungeon (2/15)

Altars:
Trog
Yredelemnul


Innate Abilities, Weirdness & Mutations

You are resistant to torment.
Your stone body is resilient. (AC +3)
You are immune to poison.
You resist negative energy. (rN+)
You are resistant to electric shocks. (rElec)
You can survive without breathing.
You are immune to petrification.
You are immune to rotting.


Message History

* * * LOW HITPOINT WARNING * * *
The rat bites you but does no damage. You block the rat's attack.
You closely miss the rat. The rat barely misses you. The rat bites you.
* * * LOW HITPOINT WARNING * * *
The rat barely misses you.
You closely miss the rat. The rat bites you but does no damage.
You block the rat's attack.
Your scale mail prevents you from hitting the rat.
The rat barely misses you.
You riposte.
You hit the rat.
The rat is almost dead.
The rat bites you but does no damage.
You hit the rat.
You kill the rat!
You block the worm's attack.
You barely miss the worm. The worm bites you but does no damage.
You slash the worm!
The worm is moderately wounded.
The worm bites you!
You die...

###### ###..†.# ##...##.#
##.w####.#### #.@##.......##
#.##..w......##
#.#...........#
#.#....###....#
#.#...##y##...#
#.#...†###....#
##############.##.........##
#..............##.).._....#
#.......######..##..)...)##


You could see a worm (berserk).

Vanquished Creatures
  Jessica (D:2)
  2 adders (D:2)
  A dart slug (D:2)
  2 leopard geckos (D:1)
  4 giant cockroaches
  4 goblins
  8 hobgoblins
  6 kobolds
  2 quokkas (D:2)
  5 bats (D:1)
  9 rats
44 creatures vanquished.

Notes
Turn   | Place    | Note
-------+----------+-------------------------------------------
     0 | D:1      | Borgoz the Gargoyle Fighter began the quest for the Orb.
     0 | D:1      | Reached XP level 1. HP: 14/14 MP: 1/1
   105 | D:1      | Reached XP level 2. HP: 17/19 MP: 2/2
   499 | D:1      | Reached XP level 3. HP: 23/23 MP: 3/3
  1204 | D:2      | Reached skill level 1 in Dodging
  1244 | D:2      | Found a basalt altar of Yredelemnul.
  1360 | D:2      | Reached XP level 4. HP: 27/29 MP: 4/4
  1456 | D:2      | Noticed Jessica
  1463 | D:2      | Killed Jessica
  1512 | D:2      | Noticed a moth of wrath
  1515 | D:2      | Found a bloodstained altar of Trog.
  1543 | D:2      | Mangled by a worm

Levels and vault maps discovered:
D:1:      dpeg_arrival_round_c, layout_loops_ring
D:2:      layout_rooms, yredelemnul_altar_generic, tgw_trog, uniq_jessica

Skill      XL: |  1  2  3  4 |
---------------+-------------+-----
Long Blades    | 2 3 |  3.0
Dodging        | 1 |  1.2
Fighting       | |  3.9
Armour         | |  3.9
Shields        | |  3.2

Action                   |  1- 3 |  4- 6 || total
-------------------------+-------+-------++-------
Melee: Long sword        |   181 |    15 ||   196
  Use: Scroll            |       |     1 ||     1
  Eat: Chunk             |    11 |       ||    11
Armor: Scale mail        |   119 |     6 ||   125
Dodge: Dodged            |    69 |     5 ||    74
Block: Shield            |   110 |     7 ||   117
       Rpst.: Long sword |    25 |     2 ||    27

Table legend:
 A = Non-vault XP
 B = Vault XP
 C = Vault XP percentage of total XP
 D = Non-vault monster count
 E = Vault monster count
 F = Vault count percentage of total count
                 A         B        C        D         E       F
            +---------+---------+-------+---------+---------+-------
      Total |      96 |      41 |  29.9 |      39 |       5 |  11.4
            +---------+---------+-------+---------+---------+-------
        D:1 |      42 |       0 |   0.0 |      24 |       0 |   0.0
        D:2 |      54 |      41 |  43.2 |      15 |       5 |  25.0
            +---------+---------+-------+---------+---------+-------
